 Dungeon Crawl Stone Soup version 0.28.0-53-g5a82cb258f (webtiles) character file.

Game seed: 3583588138808447916

39471 quixfox the Severer (level 13, -3/114 (122) HPs)
             Began as a Minotaur Fighter on July 13, 2022.
             Was the Champion of Okawaru.
             Killed by drain life
             ... invoked by a soul eater
              (18 damage)
             ... on level 2 of the Orcish Mines.
             The game lasted 00:46:49 (20348 turns).

quixfox the Severer (Minotaur Fighter)             Turns: 20348, Time: 00:46:49

HP:   -3/114 (122)  AC: 26    Str: 28    XL:     13   Next: 69%
MP:   0/17          EV:  5    Int:  5    God:    Okawaru [******]
Gold: 1014          SH: 12    Dex: 10    Spells: 12/12 levels left

rFire   . . .      SeeInvis .   l - +2 broad axe (flame)
rCold   + . .      Faith    .   m - +2 kite shield
rNeg    . . .      Spirit   +   A - +2 crystal plate armour
rPois   .          Reflect  .   (helmet restricted)
rElec   .          Harm     .   v - +0 cloak
rCorr   .          Rampage  .   i - +0 pair of gloves
Will    .....                   B - +1 pair of boots
Stlth   ..........              g - amulet of guardian spirit
HPRegen 0.29/turn               F - ring of protection from cold
MPRegen 0.15/turn               a - ring "Himy" {Fly Str+2}

@: corroded, flying, drained
A: horns 2, retaliatory headbutt
a: Renounce Religion, Heroism, Finesse, Duel


You were on level 2 of the Orcish Mines.
You worshipped Okawaru.
Okawaru was exalted by your worship.
You visited 3 branches of the dungeon, and saw 16 of its levels.
You also visited: Bailey and Ice Cave.

You collected 1014 gold pieces.

Inventory:

Hand Weapons
 l - a +2 broad axe of flaming (weapon)
 H - a +0 vampiric battleaxe
Missiles
 r - 24 boomerangs (quivered)
 G - 5 silver javelins
Armour
 i - a +0 pair of gloves (worn)
 m - a +2 kite shield (worn)
 v - a +0 cloak (worn)
 y - a +0 pair of boots of flying
 A - a +2 crystal plate armour (worn)
 B - a +1 pair of boots (worn)
Jewellery
 a - the ring "Himy" (right hand) {Fly Str+2}
   (You took it off a kobold in a bailey)

   [ring of flight]

   Str:       It affects your strength (+2).
   Fly:       It grants you flight.
 g - an amulet of guardian spirit (around neck)
 q - a ring of positive energy
 E - a ring of ice
 F - a ring of protection from cold (left hand)
Wands
 b - a wand of flame (30)
 d - a wand of acid (3)
 x - a wand of mindburst (11)
 D - a wand of iceblast (6)
 I - a wand of polymorph (1)
Scrolls
 e - 5 scrolls of teleportation
 J - a scroll of fog
Potions
 c - a potion of ambrosia {unknown}
 f - a potion of cancellation
 h - a potion of heal wounds
 j - 7 potions of curing
 n - 3 potions of lignification
 o - a potion of mutation {unknown}
 p - 2 potions of magic {unknown}
 s - 2 potions of haste
 t - 8 potions of flight
 u - 3 potions of berserk rage
 w - a potion of brilliance {unknown}
 z - 2 potions of invisibility
 C - 5 potions of might


   Skills:
 + Level 13.4 Fighting
 - Level 18.0 Axes
 + Level 13.4 Armour
 + Level 9.6 Shields
 - Level 7.7 Invocations


You had 12 spell levels left.
You didn't know any spells.
Your spell library contained the following spells:

 Spells                   Type           Power      Damage    Failure   Level
 Portal Projectile        Hex/Tloc       0%         N/A       100%        3
 Cause Fear               Hex            0%         N/A       100%        4
 Olgreb's Toxic Radiance  Pois           0%         N/A       100%        4
 Blade Hands              Tmut           0%         N/A       100%        5
 Excruciating Wounds      Necr           0%         N/A       100%        5
 Dragon Form              Tmut           0%         N/A       100%        7
 Ozocubu's Refrigeration  Ice            0%         4d5       100%        7
 Ignition                 Fire           0%         3d3       100%        8
 Dragon's Call            Summ           Unusable   N/A       N/A         9

Dungeon Overview and Level Annotations

Branches:
Dungeon (13/15)            Temple (1/1) D:4            Lair (0/6) D:10
    Orc (2/2) D:10         Bailey (visited)           IceCv (visited)
    Elf: Orc:2       Vaults: D:13-14

Altars:
Ashenzari
Cheibriados
Dithmenos
Elyvilon
Fedhas
Gozag
Hepliaklqana
Kikubaaqudgha
Makhleb
Nemelex Xobeh
Okawaru
Qazlal
Ru
Sif Muna
Trog
Uskayaw
Vehumet
Wu Jian
Xom
Yredelemnul
Zin
The Shining One
Beogh

Shops:
D:6 =   Orc:1 [   Orc:2 *?

Annotations:
D:2 1 runed translucent door, Crazy Yiuf
D:3 3 runed translucent doors, kerlis's ghost, amateur MiBe
D:11 1 runed translucent door
D:13 2 runed translucent doors, qdestroyer's ghost, journeyman MiFi


Innate Abilities, Weirdness & Mutations

You have a pair of horns on your head.
You reflexively headbutt those who attack you in melee.


Message History

Okawaru accepts your kill.
You hit the soul eater. You burn the soul eater.
You block the soul eater's attack.
Training target 18.0 for Axes reached!
Your Axes skill increases to level 18!
You hit the soul eater. You burn the soul eater.
The soul eater is severely wounded.
You hit the soul eater but do no damage.
The soul eater is severely wounded.
The soul eater hits you.
* * * LOW HITPOINT WARNING * * *
You feel drained.
* * * LOW HITPOINT WARNING * * *
You feel much better.
The soul eater hits you but does no damage.
You completely miss the soul eater.
The soul eater is severely wounded.
The soul eater draws from the surrounding life force!
* * * LOW HITPOINT WARNING * * *
The soul eater is healed.
You hit the soul eater but do no damage.
You headbutt the soul eater, but do no damage.
The soul eater is heavily wounded.
The soul eater hits you but does no damage.
You hit the soul eater but do no damage.
Your headbutt misses the soul eater.
The soul eater is heavily wounded.
The soul eater barely misses you.
You hit the soul eater but do no damage.
The soul eater is heavily wounded.
You slash the soul eater! You burn the soul eater.
The soul eater is severely wounded.
The soul eater hits you!
* * * LOW HITPOINT WARNING * * *
You feel drained.
* * * LOW HITPOINT WARNING * * *
You hit the soul eater but do no damage.
The soul eater is severely wounded.
The soul eater draws from the surrounding life force!
You die...

##...####...##...
##.#.###.....#...#
##4..###....)......
##.o.###....))...... ...#
##...###).####)...##. ...#
##...###.)####.#...##. .#
#...###..4###).## #...#.....
..##....#...3##).#####..#.#..).
#..#.#.....#.#@)###.#.........<
#.........o.3(###...#.........
#...#.#.#...###.#..##........
#.........###..#............
##..#.#..###......##..##...)
##.....###.##.#.###.####...
##∩.∩## #########...# ##.#
##.## ##..###... ### #...###..


You could see a soul eater and an orc priest.

Vanquished Creatures
  A reaper (IceCv)
  A hydra (D:11)
  A boulder beetle (D:12)
  Erolcha (D:12)
  4 two-headed ogres
  A death knight (D:12)
  2 centaur warriors (D:13)
  3 orc high priests (Orc:2)
  A sixfirhy (Orc:2)
  7 orc knights
  Pikel (D:5)
  A phantasmal warrior (D:12)
  5 cyclopes
  2 orc sorcerers
  A manticore (D:13)
  2 ice statues (IceCv)
  A rust devil (Orc:2)
  A cane toad (shapeshifter) (D:13)
  2 gargoyles (D:12)
  A komodo dragon (D:13)
  3 freezing wraiths
  A hellwing (Orc:2)
  A kobold demonologist (D:12)
  6 ice devils (IceCv)
  9 trolls
  A hornet (D:7)
  Grinder (D:4)
  Prince Ribbit (D:6)
  8 slime creatures
  2 dire elephant simulacra (IceCv)
  Sigmund (D:6)
  A vampire (D:12)
  13 yaks
  4 wraiths
  3 wyverns
  A chaos spawn (Orc:2)
  6 vampire mosquitoes
  A harpy simulacrum (IceCv)
  2 death yak simulacra (IceCv)
  5 wargs
  3 acid dragons
  2 water moccasins
  Duvessa (D:7)
  34 orc warriors
  7 ice beasts
  A swamp drake (D:10)
  2 sky beasts
  5 ogres
  4 centaurs
  A phantom (D:6)
  A kobold brigand (D:10)
  A lemure (D:5)
  Blork the orc (D:6)
  A gnoll sergeant (D:12)
  6 bullfrogs
  A cane toad simulacrum (IceCv)
  3 two-headed ogre simulacra (IceCv)
  A water moccasin zombie (D:5)
  A water moccasin skeleton (D:4)
  A wyvern skeleton (D:6)
  Dowan (D:7)
  14 killer bees
  An elephant simulacrum (IceCv)
  4 howler monkeys
  A crimson imp (D:3)
  A bullfrog zombie (D:5)
  A centaur zombie (D:7)
  2 gnoll shamans
  23 orc priests
  3 hounds
  3 iguanas
  Ijyb (D:5)
  17 orc wizards
  Natasha (thrice) (D:3)
  5 spriggan simulacra (IceCv)
  A troll simulacrum (IceCv)
  A wolf simulacrum (IceCv)
  A hound zombie (D:3)
  A howler monkey zombie (D:9)
  14 gnolls
  2 naga simulacra (IceCv)
  10 adders
  A shadow imp (D:6)
  3 white imps
  2 ufetubi
  An adder skeleton (D:4)
  2 worms (D:2)
  2 dart slugs
  66 orcs
  6 ball pythons
  10 endoplasms
  3 giant cockroaches
  7 hobgoblins
  14 jackals
  3 quokkas
  8 bats
  7 goblins
  3 goblin skeletons (D:3)
  A goblin zombie (D:3)
  A hobgoblin zombie (D:3)
  28 kobolds
  A kobold zombie (D:3)
  A quokka zombie (D:3)
  4 rats
470 creatures vanquished.

Vanquished Creatures (others)
  A ball python (D:4)
  2 fungi (D:2)
  10 plants (D:3)
  14 withered plants (D:3)
27 creatures vanquished.

Grand Total: 497 creatures vanquished

Notes
Turn   | Place    | Note
-------+----------+-------------------------------------------
     0 | D:1      | quixfox the Minotaur Fighter began the quest for the Orb.
     0 | D:1      | Reached XP level 1. HP: 19/19 MP: 0/0
   132 | D:1      | Reached XP level 2. HP: 23/27 MP: 1/1
   175 | D:1      | Reached skill level 3 in Axes
   342 | D:1      | Reached XP level 3. HP: 28/33 MP: 2/2
  1123 | D:2      | Reached skill level 4 in Axes
  1131 | D:2      | Reached XP level 4. HP: 24/40 MP: 3/3
  1655 | D:2      | Found a runed translucent door.
  1656 | D:2      | Noticed Crazy Yiuf
  1702 | D:3      | Noticed Natasha
  1714 | D:3      | Killed Natasha
  1715 | D:3      | Reached XP level 5. HP: 45/47 MP: 4/4
  1815 | D:3      | Noticed Natasha
  1819 | D:3      | Killed Natasha
  1943 | D:3      | Found a faded altar of an unknown god.
  1944 | D:3      | Noticed Natasha
  1948 | D:3      | Killed Natasha
  1949 | D:3      | Reached skill level 5 in Axes
  2003 | D:3      | Found a glowing golden altar of the Shining One.
  2152 | D:3      | Found a runed translucent gate.
  2152 | D:3      | Noticed kerlis's ghost (amateur MiBe)
  2153 | D:3      | Found a runed translucent gate.
  2153 | D:3      | Found a runed translucent gate.
  2155 | D:3      | Found a basalt altar of Yredelemnul.
  2161 | D:3      | Reached skill level 5 in Fighting
  2161 | D:3      | Reached skill level 5 in Armour
  2161 | D:3      | Reached XP level 6. HP: 56/56 MP: 5/5
  2490 | D:4      | Found a staircase to the Ecumenical Temple.
  2498 | Temple   | Entered the Ecumenical Temple
  2520 | Temple   | Became a worshipper of Warmaster Okawaru
  2874 | D:4      | Found an ancient bone altar of Kikubaaqudgha.
  2959 | D:4      | Noticed Grinder
  2989 | D:4      | Killed Grinder
  2989 | D:4      | Reached * piety under Okawaru
  2990 | D:4      | Reached skill level 6 in Axes
  2990 | D:4      | Reached skill level 1 in Invocations
  2990 | D:4      | Reached XP level 7. HP: 52/61 MP: 5/7
  3251 | D:5      | Entered Level 5 of the Dungeon
  3608 | D:5      | Reached skill level 7 in Axes
  3920 | D:5      | Noticed Ijyb
  3938 | D:5      | Killed Ijyb
  3938 | D:5      | Reached ** piety under Okawaru
  4255 | D:5      | Reached XP level 8. HP: 38/70 MP: 7/9
  4607 | D:5      | Noticed Pikel
  4635 | D:5      | Killed Pikel
  4636 | D:5      | Reached skill level 8 in Axes
  5049 | D:5      | Reached skill level 9 in Axes
  5401 | D:5      | Reached *** piety under Okawaru
  5486 | D:6      | Reached XP level 9. HP: 79/79 MP: 11/11
  5582 | D:6      | Noticed Prince Ribbit
  5598 | D:6      | Killed Prince Ribbit
  6024 | D:6      | Found Turph's Jewellery Shoppe.
  6055 | D:6      | Noticed Sigmund
  6076 | D:6      | Killed Sigmund
  6077 | D:6      | Reached skill level 10 in Axes
  6228 | D:6      | Noticed Blork the orc
  6241 | D:6      | Killed Blork the orc
  6363 | D:6      | Reached skill level 5 in Invocations
  6604 | D:6      | Reached **** piety under Okawaru
  7550 | D:7      | Found a shimmering altar of Xom.
  7550 | D:7      | Noticed Dowan
  7550 | D:7      | Noticed an angel
  7552 | D:7      | Noticed Duvessa
  7562 | D:7      | Killed Duvessa
  7565 | D:7      | Killed Dowan
  7566 | D:7      | Reached skill level 11 in Axes
  7566 | D:7      | Found a glowing silver altar of Zin.
  7792 | D:7      | Found a broken altar of Ashenzari.
  7886 | D:7      | Found an opulent altar of Gozag.
  8060 | D:7      | Paralysed by a hornet for 3 turns
  8069 | D:7      | Reached XP level 10. HP: 52/90 MP: 3/13
  8221 | D:8      | Reached ***** piety under Okawaru
  8303 | D:8      | Found a flagged portal.
  8323 | Bailey   | Entered a bailey
  8462 | Bailey   | Identified the ring "Himy" {Fly Str+2}
  8462 | Bailey   | Noticed an orc knight
  8493 | Bailey   | Noticed an orc knight
  8677 | Bailey   | Killed an orc knight
  8678 | Bailey   | Reached skill level 12 in Axes
  8714 | Bailey   | Killed an orc knight
  9140 | D:8      | Found an ornate altar of the Wu Jian Council.
  9141 | D:8      | Found a blossoming altar of Fedhas.
  9484 | D:9      | Received a gift from Okawaru
  9895 | D:9      | Reached skill level 13 in Axes
  9900 | D:9      | Reached XP level 11. HP: 96/99 MP: 15/15
  9902 | D:9      | Noticed a two-headed ogre
  9911 | D:9      | Reached skill level 10 in Armour
  9912 | D:9      | Killed a two-headed ogre
  9913 | D:9      | Reached skill level 10 in Fighting
 10783 | D:9      | Noticed a two-headed ogre
 10792 | D:9      | Killed a two-headed ogre
 11223 | D:10     | Entered Level 10 of the Dungeon
 11300 | D:10     | Found a staircase to the Lair.
 11641 | D:10     | Found a staircase to the Orcish Mines.
 11997 | D:10     | Noticed a two-headed ogre
 12001 | D:10     | Killed a two-headed ogre
 12107 | D:10     | Reached skill level 14 in Axes
 12268 | D:11     | Noticed a six-headed hydra
 12275 | D:11     | Killed a three-headed hydra
 12365 | D:11     | Found a frozen archway.
 12369 | IceCv    | Entered an ice cave
 12404 | IceCv    | Received a gift from Okawaru
 12463 | IceCv    | Reached skill level 5 in Shields
 12636 | IceCv    | Reached ****** piety under Okawaru
 13200 | IceCv    | Reached XP level 12. HP: 8/110 MP: 1/16
 13572 | IceCv    | Noticed a reaper
 13596 | IceCv    | Killed a reaper
 13596 | IceCv    | Received a gift from Okawaru
 13597 | IceCv    | Reached skill level 15 in Axes
 14433 | D:11     | Noticed a frost giant
 14433 | D:11     | Noticed a fire giant
 14434 | D:11     | Found a runed translucent door.
 14436 | D:11     | Noticed a deep troll earth mage
 14436 | D:11     | Noticed a storm dragon
 14436 | D:11     | Noticed a frost giant
 14436 | D:11     | Noticed a tengu reaver
 14436 | D:11     | Noticed a deep elf annihilator
 15208 | D:12     | Noticed a death knight
 15233 | D:12     | Killed a death knight
 15427 | D:12     | Noticed Erolcha
 15438 | D:12     | Killed Erolcha
 15487 | D:12     | Reached skill level 16 in Axes
 15529 | D:12     | Noticed a boulder beetle
 15556 | D:12     | Killed a boulder beetle
 15746 | D:12     | Noticed a two-headed ogre
 15757 | D:12     | Killed a two-headed ogre
 15783 | D:12     | Received a gift from Okawaru
 16272 | D:13     | Noticed qdestroyer's ghost (journeyman MiFi)
 16272 | D:13     | Noticed a lich
 16273 | D:13     | Noticed a stone giant
 16274 | D:13     | Noticed a storm dragon
 16601 | D:13     | Found a runed translucent door.
 16630 | D:13     | Reached XP level 13. HP: 84/119 MP: 14/17
 16930 | D:13     | Received a gift from Okawaru
 17211 | D:13     | Found a runed translucent door.
 17255 | D:13     | Reached skill level 17 in Axes
 17702 | Orc:1    | Entered Level 1 of the Orcish Mines
 17702 | Orc:1    | Found Nogreoru's Antique Armour Emporium.
 18354 | Orc:2    | Entered Level 2 of the Orcish Mines
 18411 | Orc:1    | Paralysed by an orc sorcerer for 6 turns
 18771 | Orc:1    | Received a gift from Okawaru
 19654 | Orc:2    | Found Seagaego's Magic Scroll Boutique.
 19689 | Orc:2    | Found Nocsumaff's General Store.
 19907 | Orc:2    | Received a gift from Okawaru
 20300 | Orc:2    | Paralysed by an orc sorcerer for 5 turns
 20321 | Orc:2    | Received a gift from Okawaru
 20340 | Orc:2    | Reached skill level 18 in Axes
 20348 | Orc:2    | Killed from afar by a soul eater

Illustrated notes

Levels and vault maps discovered:
D:1:      nagdon_arrival_double_spiral, layout_rooms
D:2:      minmay_skewed_foursquare, layout_basic, glass_columns_c,
          uniq_crazy_yiuf_cottage
D:3:      layout_rooms, nicolae_tso_besieged_by_evil,
          nicolae_yredelemnul_ghost_church,
          shapermc_ecumenical_altar_flowoftime, minmay_cut_off, uniq_natasha
D:4:      layout_rooms, kiku_gazebo_pond_becter,
          minmay_temple_entry_glassed_door, chequers_serial_rivers_room_b,
          lemuel_flame_loot_1, uniq_grinder
D:5:      layout_loops_corners, chequers_serial_rivers_small_b, uniq_pikel,
          uniq_ijyb
D:6:      layout_layer_cave, serial_shops, shop, st_stairs_2,
          uniq_prince_ribbit1, uniq_sigmund, uniq_blork_the_orc
D:7:      layout_basic, grunt_temple_overflow_order_and_chaos_1,
          grunt_gozag_statues, evilmike_ruin_ashenzari, uniq_duvessa
D:8:      layout_rooms, mainiacjoe_overflow_divided_tiny, enter_bailey_2
D:9:      layout_layer_cave
D:10:     layout_roguey, erik_lair_orcish_takeover, erik_orc_1
D:11:     minmay_gate_of_8, layout_basic, portal_ice_cave_entry_pillars_2,
          serial_glass, glass_columns_a, glass_columns_c, glass_columns_c,
          glass_columns_c, glass_columns_a, glass_columns_a, glass_columns_a,
          glass_columns_b, minmay_misc_feat_room, serial_bayou_pond_a
D:12:     layout_rooms, uniq_erolcha
D:13:     layout_cave_pods, muffindrake_ghost_dual_entry, dk_noncrumbling_4,
          minmay_orc_keep
Temple:   dshaligram_water_room_temple
Orc:1:    layout_caves, serial_shops, nicolae_shop_waterfront,
          nicolae_orc_tapped_out
Orc:2:    pf_orc_diabolical, layout_caves, nicolae_orc_lost_temple, uniq_snorg,
          uniq_nessos

Skill      XL: |  1  2  3  4  5  6  7  8  9 10 11 12 13 |
---------------+----------------------------------------+-----
Axes           | 3 4 5 6 7 9 11 13 14 16 18 | 18.0
Armour         | 4 5 6 7 8 9 11 12 13 | 13.4
Fighting       | 4 5 6 7 8 9 11 12 13 | 13.4
Shields        | 4 5 8 9 |  9.6
Invocations    | 1 2 4 5 7 |  7.7

Action                   |  1- 3 |  4- 6 |  7- 9 | 10-12 | 13-15 || total
-------------------------+-------+-------+-------+-------+-------++-------
Melee: War axe           |    86 |   129 |   229 |    54 |       ||   498
       Headbutt          |    12 |    20 |    39 |   119 |    60 ||   250
       Broad axe         |       |       |       |   532 |   315 ||   847
Throw: Boomerang         |       |       |       |    27 |     2 ||    29
Invok: Heroism           |       |       |     3 |    11 |       ||    14
Evoke: Wand              |       |       |     3 |    19 |       ||    22
  Use: Potion            |       |     1 |     4 |     1 |     2 ||     8
       Scroll            |       |       |    12 |     8 |     3 ||    23
 Stab: Confused          |       |       |       |     1 |       ||     1
Armor: Scale mail        |    55 |    67 |    45 |       |       ||   167
       Ring mail         |       |       |    49 |    28 |       ||    77
       Plate armour      |       |       |       |    34 |       ||    34
       Crystal plate arm |       |       |       |   300 |   187 ||   487
Dodge: Dodged            |    52 |    51 |    93 |   137 |    59 ||   392
Block: Buckler           |    26 |    32 |    36 |    64 |       ||   158
       Kite shield       |       |       |       |   139 |   185 ||   324
